[Event "Early-Titled-Tuesday-Blitz-October-24-2023"]
[Site "Chess.com"]
[Date "2023.10.24"]
[Round "2"]
[White "KorolDimitriy75"]
[Black "meoluoi91"]
[Result "0-1"]
[WhiteElo "2335"]
[BlackElo "2594"]
[TimeControl "180+1"]
[EndTime "8:15:45 PDT"]
[Termination "meoluoi91 won on time"]

1. d4 d5 2. c4 c6 3. Nc3 Nf6 4. e3 g6 5. Nf3 Bg7 6. h3 O-O 7. Bd3 a6 8. O-O Be6 9. Ne5 Nfd7 10. cxd5 cxd5 11. f4 Nc6 12. Qf3 Ncxe5 13. fxe5 Nb6 14.
b3 Rc8 15. Bd2 Qd7 16. Rac1 f6 17. exf6 exf6 18. Ne2 Bf7 19. Ba5 Na8 20. Kh1 Rfe8 21. Nf4 Qd6 22. Qf2 g5 23. Ne2 Bg6 24. Bf5 Rxc1 25.
Rxc1 Qa3 26. Bd2 Qxa2 27. Ng3 Qxb3 28. Qf3 Nb6 29. Rd1 Nc4 0-1

[Event "Early-Titled-Tuesday-Blitz-October-24-2023"]
[Site "Chess.com"]
[Date "2023.10.24"]
[Round "2"]
[White "the_chess_child"]
[Black "draksbg"]
[Result "0-1"]
[WhiteElo "2942"]
[BlackElo "2616"]
[TimeControl "180+1"]
[EndTime "8:15:46 PDT"]
[Termination "draksbg won by resignation"]

1. e4 c5 2. Nf3 Nc6 3. d3 g6 4. g3 Bg7 5. Bg2 d6 6. O-O e6 7. Re1 Nge7 8. c3 O-O 9. d4 cxd4 10. cxd4 e5 11. d5 Nd4 12. Nxd4 exd4 13. Nd2 Bd7 14. b3 f5 15. Ba3 Rf6 16. e5 dxe5 17. Rxe5 Nc8 18. Rc1 Ra6 19. Re1 Rxa3 20. Qc2 Ra6 21.
Qc7 Nd6 22. Qxd8+ Rxd8 23. Rc7 Bf6 24. Nc4 Nxc4 25. bxc4 d3 26. c5 d2 27. Rd1 Rxa2 28. d6 Be6 29. Rxb7 Bc3 30. Bf3 a5 31. Re7 Bb3 32. Rb1 Rb2 33. Rxb2 Bxb2 34. c6 Rxd6 35. c7 d1=Q+ 36. Bxd1 Rxd1+ 37. Kg2 Rc1 38. Re8+ Kf7 39. c8=Q Rxc8 40. Rxc8 a4 41. Rb8 Bd5+ 42. Kh3 a3 0-1

[Event "Early-Titled-Tuesday-Blitz-October-24-2023"]
[Site "Chess.com"]
[Date "2023.10.24"]
[Round "2"]
[White "M1711"]
[Black "Zurability"]
[Result "1-0"]
[WhiteElo "2574"]
[BlackElo "2793"]
[TimeControl "180+1"]
[EndTime "8:15:49 PDT"]
[Termination "M1711 won by resignation"]

1. e4 c5 2. Nf3 d6 3. c3 Nf6 4.
Bb5+ Nc6 5. Qe2 Bd7 6. O-O e5 7.
d4 cxd4 8. cxd4 exd4 9. Bxc6 bxc6 10. e5 dxe5 11. Qxe5+ Be7 12. Re1 c5 13. Qxc5 Be6 14. Qxd4 O-O 15. Nc3 Qa5 16. Qe5 Qb6 17. Be3 Qxb2 18.
Nd5 Qb7 19. Nxe7+ Qxe7 20. Bc5 Qb7 21. Bxf8 Rxf8 22. Nd4 Bd5 23. Nf5 Be6 24. Nxg7 Ng4 25. Qd4 Bc8 26. Nh5 f5 27. h3 1-0

[Event "Early-Titled-Tuesday-Blitz-October-24-2023"]
[Site "Chess.com"]
[Date "2023.10.24"]
[Round "2"]
[White "OPQRC"]
[Black "jcibarra"]
[Result "0-1"]
[WhiteElo "2590"]
[BlackElo "2936"]
[TimeControl "180+1"]
[EndTime "8:15:50 PDT"]
[Termination "jcibarra won by resignation"]

1. e4 c5 2. Nf3 e6 3. d4 cxd4 4.
Nxd4 Bc5 5. Nb3 Bb6 6. Qe2 Ne7 7. Nc3 O-O 8. Be3 f5 9. O-O-O f4 10. Bxb6 Qxb6 11.
f3 Nbc6 12. g3 Ng6 13. Kb1 a6 14. Bg2 Qc7 15. g4 b5 16. h4 Nge5 17. h5 Nc4 18. h6 g6 19. g5 Qe5 20. Bh3 Qxg5 21. Nd2 Ne3 22. Rdg1 Qe5 23. Nd1 Nxc2 24. Rg4 N2d4 25. Qg2 Qf6 26. Rg1 Ne5 27. Rg5 d6 28. Qf2 Nec6 29. e5 dxe5 30. Ne4 Qf7 31. Nd6 Qe7 32. Qg2 Kh8 33. Rxg6 hxg6 34. Qxg6 Qh7 35. Qxh7+ Kxh7 0-1

[Event "Early-Titled-Tuesday-Blitz-October-24-2023"]
[Site "Chess.com"]
[Date "2023.10.24"]
[Round "2"]
[White "carloseduar100"]
[Black "deribas12345"]
[Result "0-1"]
[WhiteElo "2323"]
[BlackElo "2562"]
[TimeControl "180+1"]
[EndTime "8:15:50 PDT"]
[Termination "deribas12345 won by resignation"]

1. e4 c5 2. Nf3 d6 3. Nc3 g6 4. Bc4 Bg7 5. O-O Nf6 6. Re1 Nc6 7. h3 a6 8. a4 O-O 9. d3 Rb8 10. Bg5 h6 11. Bh4 Bd7 12. Nd5 b5 13. axb5 axb5 14. Bb3 Nxd5 15. Bxd5 Bxb2 16. Ra6 Nb4 17. Ra7 Bc3 18. Re2 Nxd5 19. exd5 Re8 20. d4 cxd4 21.
Nxd4 g5 22. Bg3 Ra8 23. Rxa8 Qxa8 24. Nf3 Qa1 25. Qxa1 Bxa1 26. Nd2 Kf8 27. Nb3 Bf6 28. f4 Rc8 29. fxg5 hxg5 30. Kf1 Bf5 31. Na5 Rxc2 32.
Rxc2 Bxc2 33. Ke2 b4 34. Kd2 b3 35. Bf2 Be4 36. Nxb3 Bxg2 0-1

[Event "Early-Titled-Tuesday-Blitz-October-24-2023"]
[Site "Chess.com"]
[Date "2023.10.24"]
[Round "2"]
[White "MatthewG-p4p"]
[Black "fen_fire"]
[Result "1-0"]
[WhiteElo "2814"]
[BlackElo "2555"]
[TimeControl "180+1"]
[EndTime "8:15:51 PDT"]
[Termination "MatthewG-p4p won on time"]

1. e4 c6 2. d4 d5 3. exd5 cxd5 4. Bd3 Nf6 5. h3 Qc7 6. Nf3 Nc6 7. c3 g6 8. O-O Bf5 9. Be2 Bg7 10. Re1 O-O 11. Be3 a6 12. Qc1 Rfe8 13. Bf4 Qc8 14. Nbd2 b5 15. Nb3 Nd7 16. Bf1 e5 17. dxe5 Ndxe5 18. Nxe5 Nxe5 19. Nd4 Nd3 20. Bxd3 Bxd3 21. Qd2 Rxe1+ 22. Rxe1 Bf5 23. Bg5 Bd7 24. Nb3 Be6 25. Be3 Qc4 26. Bd4 Bf8 27. Qg5 Bg7 28. Bxg7 Kxg7 29.
Qe5+ Kg8 30. Nd4 Re8 31. Qd6 Qxa2 32. Qc6 Rc8 33. Qb7 Re8 34. b4 Qd2 35. Re3 Qc1+ 36. Kh2 Qb1 37. Qc6 Rc8 38. Qxa6 Re8 39. Qxb5 1-0

[Event "Early-Titled-Tuesday-Blitz-October-24-2023"]
[Site "Chess.com"]
[Date "2023.10.24"]
[Round "2"]
[White "crosky"]
[Black "profedechess93"]
[Result "0-1"]
[WhiteElo "2343"]
[BlackElo "2605"]
[TimeControl "180+1"]
[EndTime "8:15:51 PDT"]
[Termination "profedechess93 won by resignation"]

1. c4 e5 2. Nc3 Bb4 3. Nf3 Bxc3 4. dxc3 Nc6 5. e4 d6 6. Bg5 Nge7 7. c5 O-O 8. cxd6 cxd6 9. Bc4 Kh8 10. O-O f5 11. Bh4 fxe4 12. Ng5 d5 13. Qh5 Bf5 14. Rad1 Bg6 15. Qg4 Rf4 16. Qh3 Qc8 17. Ne6 Bf5 18.
Nxf4 Bxh3 19. Nxd5 Ng6 20. Bg3 Be6 0-1

[Event "Early-Titled-Tuesday-Blitz-October-24-2023"]
[Site "Chess.com"]
[Date "2023.10.24"]
[Round "2"]
[White "tomesao"]
[Black "GAZZAN_3000"]
[Result "0-1"]
[WhiteElo "2426"]
[BlackElo "2721"]
[TimeControl "180+1"]
[EndTime "8:15:54 PDT"]
[Termination "GAZZAN_3000 won by resignation"]

1. d4 Nf6 2. Nf3 c5 3. d5 b5 4. c4 Bb7 5. cxb5 Nxd5 6. e4 Nb6 7. Nc3 e6 8. e5 d5 9. exd6 Bxd6 10. Be2 O-O 11. O-O Qc7 12. a4 N8d7 13. a5 Nd5 14.
Ne4 Be7 15. a6 Bc8 16. Qc2 N7f6 17. Bd2 Nxe4 18. Qxe4 Bd7 19. Ne5 Be8 20. Rfc1 Rb8 21. Ba5 Qc8 22. b4 Bxb5 23. bxc5 Bxe2 24. Qxe2 Bf6 25. c6 Bxe5 26. Qxe5 Rb5 27. Qd6 Nb6 28. Bxb6 Rxb6 29. Qd7 g6 30. Ra3 Rd8 31. Qe7 Rxc6 32.
Rf1 Rd7 33. Qf6 Rxa6 34. Rh3 Qd8 35. Qf4 h5 36. Qe3 Rad6 37. Rg3 Rd3 38. Qe2 Rxg3 39. hxg3 a5 40. Qe3 Qa8 0-1

[Event "Early-Titled-Tuesday-Blitz-October-24-2023"]
[Site "Chess.com"]
[Date "2023.10.24"]
[Round "2"]
[White "Dacean99"]
[Black "Apocalyps999"]
[Result "1/2-1/2"]
[WhiteElo "2608"]
[BlackElo "2301"]
[TimeControl "180+1"]
[EndTime "8:15:56 PDT"]
[Termination "Game drawn by repetition"]

1. d4 d5 2. Nf3 Nf6 3. c4 e6 4. Nc3 Be7 5. Bg5 h6 6. Bh4 O-O 7. e3 b6 8. cxd5 Nxd5 9. Bxe7 Qxe7 10. Nxd5 exd5 11. Bd3 c5 12. O-O Be6 13. Ne5 Nd7 14.
Nxd7 Qxd7 15. Rc1 c4 16. Bb1 Bf5 17. Qf3 Bxb1 18. Rxb1 Rfe8 19. Rfc1 f5 20. b3 b5 21. a4 a6 22. Qe2 Rab8 23. axb5 axb5 24. Qc2 Rec8 25.
bxc4 bxc4 26. Rxb8 Rxb8 27. Rb1 Qa7 28. Rxb8+ Qxb8 29. Qxf5 c3 30. h4 Qb2 31. Qxd5+ Kh8 32. Qa8+ Kh7 33.
Qe4+ Kg8 34. Qd5+ Kf8 35. Qf5+ Kg8 36. Qe6+ Kh7 37. Qe4+ Kg8 38. Qa8+ Kf7 39. Qd5+ Kf8 40. Qf5+ Kg8 41. Qd5+ 1/2-1/2

[Event "Early-Titled-Tuesday-Blitz-October-24-2023"]
[Site "Chess.com"]
[Date "2023.10.24"]
[Round "2"]
[White "FREDERICKtheMATE"]
[Black "AlexandraSamaganova"]
[Result "1-0"]
[WhiteElo "2590"]
[BlackElo "2334"]
[TimeControl "180+1"]
[EndTime "8:15:57 PDT"]
[Termination "FREDERICKtheMATE won on time"]

1. Nf3 c5 2. g3 Nc6 3. Bg2 g6 4. c3 Bg7 5. O-O Nf6 6. d4 cxd4 7. cxd4 d5 8. Nc3 O-O 9. Bf4 h6 10. Rc1 a6 11. a4 Bf5 12. Qb3 Na5 13. Qb4 Rc8 14. Ne5 g5 15. Bd2 b6 16. b3 Ne4 17.
Nxe4 Rxc1 18. Rxc1 Bxe4 19. Nc6 Nxc6 20. Rxc6 Bxg2 21.
Kxg2 e5 22. dxe5 d4 23. Qd6 Qa8 24. f3 Bxe5 25. Qxh6 Bg7 26. Qd6 Rd8 27. Qc7 Re8 28.
Kf1 b5 29. Bxg5 bxa4 30. bxa4 d3 31. exd3 Bd4 32. Bf6 Bxf6 33. Rxf6 Qd5 34. Qf4 Qxd3+ 35. Kg2 Qc2+ 36. Kh3 Qh7+ 37. Rh6 Qg7 38. Qg4 Qxg4+ 39. Kxg4 Re6 40. Rxe6 fxe6 41. Kf4 Kf7 42. Ke5 Ke7 43. h4 1-0

[Event "Early-Titled-Tuesday-Blitz-October-24-2023"]
[Site "Chess.com"]
[Date "2023.10.24"]
[Round "2"]
[White "EdmundPlayer"]
[Black "Kleyton_Lima"]
[Result "0-1"]
[WhiteElo "2242"]
[BlackElo "2501"]
[TimeControl "180+1"]
[EndTime "8:15:57 PDT"]
[Termination "Kleyton_Lima won on time"]

1. d4 Nf6 2. Nc3 d5 3. Bg5 Nbd7 4. Nf3 h6 5. Bh4 e6 6. e3 Be7 7. Bd3 a6 8. O-O c5 9. Re1 O-O 10. e4 dxe4 11. Nxe4 Nxe4 12. Bxe7 Qxe7 13. Bxe4 Nf6 14. Bd3 b5 15. c3 Bb7 16. dxc5 Qxc5 17. Qe2 Rfd8 18.
Rad1 Nd5 19. Qe4 g6 20. Qh4 Kg7 21. Ne5 Nf6 22. Qh3 Rd5 23. Nxf7 Kxf7 24. Qxe6+ Kg7 25. Qe7+ Qxe7 26. Rxe7+ Kf8 27. Rxb7 Rad8 28. Kf1 Rxd3 29. Rxd3 Rxd3 30. Ke2 Rd6 31. f3 Nd7 32. h4 Ke7 33. g4 Kf6 34. f4 h5 35. g5+ Kf5 36. Ke3 Kg4 37. Ra7 Kxh4 38. Ra8 Kg4 39. Re8 h4 40.
Ke4 Re6+ 0-1

[Event "Early-Titled-Tuesday-Blitz-October-24-2023"]
[Site "Chess.com"]
[Date "2023.10.24"]
[Round "2"]
[White "svilson23"]
[Black "Kildepiotr"]
[Result "0-1"]
[WhiteElo "2267"]
[BlackElo "2659"]
[TimeControl "180+1"]
[EndTime "8:15:58 PDT"]
[Termination "Kildepiotr won on time"]

1. d4 c5 2. d5 e5 3. c4 d6 4.
Nc3 Be7 5. g3 Bg5 6. e3 f5 7.
Nb5 Ne7 8. Qh5+ Ng6 9. Nxd6+ Qxd6 10. Qxg5 O-O 11. Bd2 Nd7 12. h4 Nf6 13. h5 Ne4 14. hxg6 Nxg5 15. gxh7+ Kh8 16. f3 f4 17.
gxf4 exf4 18. e4 Rf6 19. Rh5 Rg6 20. Bc3 Bd7 21. O-O-O Re8 22. Bd3 Re5 23. Ne2 Rh6 24. Rdh1 Kxh7 25. Nxf4 Nxf3 26. Rxh6+ gxh6 27. Bxe5 Qxe5 28. Ne2 Bg4 0-1

[Event "Early-Titled-Tuesday-Blitz-October-24-2023"]
[Site "Chess.com"]
[Date "2023.10.24"]
[Round "2"]
[White "GatoRojo150"]
[Black "randomo"]
[Result "1-0"]
[WhiteElo "2597"]
[BlackElo "2282"]
[TimeControl "180+1"]
[EndTime "8:15:58 PDT"]
[Termination "GatoRojo150 won on time"]

1. e4 e5 2. Nf3 Nc6 3. Nc3 Nf6 4.
Bb5 Bb4 5. O-O Bxc3 6. bxc3 Qe7 7. d4 O-O 8. Bg5 d6 9. h3 Nd8 10. Re1 Ne6 11. Bc1 a6 12. Bf1 Nd7 13. g3 Qf6 14.
Bg2 h6 15. Rf1 Re8 16. d5 Nec5 17. Nh4 Nf8 18. c4 g5 19. Nf5 Bxf5 20. exf5 Qxf5 21. Be3 Nfd7 22. h4 Kg7 23. Kh2 Qg6 24. Bh3 f6 25. Qf3 Nb6 26. Bf5 Qf7 27. h5 Qe7 28. Qg4 c6 29. Rab1 Qc7 30. Bxc5 dxc5 31.
d6 Qd8 32. d7 Re7 33. Rfd1 Na4 34. Rxb7 1-0

[Event "Early-Titled-Tuesday-Blitz-October-24-2023"]
[Site "Chess.com"]
[Date "2023.10.24"]
[Round "2"]
[White "verrbaa"]
[Black "mary-sanna"]
[Result "1-0"]
[WhiteElo "2455"]
[BlackElo "2201"]
[TimeControl "180+1"]
[EndTime "8:15:58 PDT"]
[Termination "verrbaa won by resignation"]

1. e4 c5 2. Nf3 Nc6 3. Nc3 g6 4.
d4 cxd4 5. Nxd4 Bg7 6. Nb3 Nf6 7. Be2 O-O 8. Bg5 d6 9. Qd2 a6 10. O-O b6 11. Rfe1 Bb7 12. Bf1 Re8 13. Rad1 Qc7 14. Bxf6 Bxf6 15. Nd5 Qc8 16. Nxb6 Qd8 17. Nxa8 Qxa8 18.
c3 Ne5 19. f4 Ng4 20. h3 Qa7+ 21. Nd4 Nh6 22. Kh2 e5 23. Nf3 exf4 24. Qxd6 Bd8 25. Qd7 Rf8 26. Bc4 Ba8 27. Qxa7 1-0

[Event "Early-Titled-Tuesday-Blitz-October-24-2023"]
[Site "Chess.com"]
[Date "2023.10.24"]
[Round "2"]
[White "dcremisi"]
[Black "vladislavkovalev"]
[Result "0-1"]
[WhiteElo "2575"]
[BlackElo "2882"]
[TimeControl "180+1"]
[EndTime "8:16:01 PDT"]
[Termination "vladislavkovalev won by resignation"]

1. d4 Nf6 2. Nf3 e6 3. c4 b6 4. g3 Bb4+ 5. Bd2 Qe7 6. Bg2 Bb7 7. O-O Bxd2 8. Qxd2 O-O 9. Nc3 Ne4 10. Nxe4 Bxe4 11. Qf4 d5 12. cxd5 exd5 13. Rac1 c5 14. dxc5 bxc5 15.
Qe5 Qxe5 16. Nxe5 Bxg2 17. Kxg2 Na6 18. Rfd1 d4 19. Nd3 Rfc8 20. Rc4 Rab8 21. Rdc1 g6 22. b3 Rb5 23. Ra4 Rc6 24. Rxd4 Re6 25. Ra4 Nb4 26. Rxc5 Nxd3 27. Rxb5 Rxe2 28. Kf3 Rb2 29. Rxa7 Nxf2 30. Rbb7 Nd1 31. Ke4 Nc3+ 32. Kd3 Nxa2 33. Rxf7 Rxb3+ 34. Kc2 Rb6 35. Rg7+ Kf8 36. Rxh7 Nb4+ 37. Kd2 Kg8 38. Rag7+ Kf8 39. Rb7 Rxb7 40. Rc7 Rxc7 0-1

[Event "Early-Titled-Tuesday-Blitz-October-24-2023"]
[Site "Chess.com"]
[Date "2023.10.24"]
[Round "2"]
[White "Road2GM3000"]
[Black "djokovic74"]
[Result "0-1"]
[WhiteElo "2391"]
[BlackElo "2694"]
[TimeControl "180+1"]
[EndTime "8:16:01 PDT"]
[Termination "djokovic74 won by checkmate"]

1. d4 e6 2. c4 Nf6 3. Nc3 Bb4 4. Nf3 O-O 5. Bg5 c5 6. e3 cxd4 7. exd4 d5 8. cxd5 exd5 9. Be2 Nc6 10. O-O Be7 11. Ne5 Be6 12. Rc1 Rc8 13. Qb3 Nxd4 14. Qd1 Nxe2+ 15. Nxe2 Rxc1 16. Bxc1 Qc7 17. Bf4 Bd6 18.
Nd3 Rc8 19. Re1 Bg4 20. Bxd6 Qxd6 21. f3 Qb6+ 22. Kh1 Bf5 23. Nef4 Bxd3 24. Nxd3 h6 25.
Qd2 Qd4 26. Rd1 Kf8 27. h3 b6 28. Nb4 Qxd2 29. Rxd2 Rc5 30. Kg1 Ke7 31. Kf2 Kd6 32. Ke3 Rc8 33. g4 a5 34. Nd3 Rc4 35. Nf4 g5 36. Ne2 Nd7 37. Ng3 Ne5 38. Nf5+ Kc5 39. Nxh6 Rf4 40. Rf2 d4+ 41. Ke2 Kc4 42. Nf5 a4 43.
Nd6+ Kd5 44. Ne4 f6 45. Ng3 d3+ 46. Ke3 Rd4 47. Ne4 Nc4# 0-1

[Event "Early-Titled-Tuesday-Blitz-October-24-2023"]
[Site "Chess.com"]
[Date "2023.10.24"]
[Round "2"]
[White "Buzhizhebuguai"]
[Black "MagnusCarlsen"]
[Result "0-1"]
[WhiteElo "2632"]
[BlackElo "3266"]
[TimeControl "180+1"]
[EndTime "8:16:02 PDT"]
[Termination "MagnusCarlsen won by resignation"]

1. d4 Nf6 2. Bf4 b6 3. e3 Bb7 4. Nf3 g6 5. h3 Bg7 6. Be2 O-O 7. O-O d6 8. Bh2 Nbd7 9. a4 a6 10.
c3 Re8 11. Na3 e5 12. Re1 Ne4 13. Bf1 Qe7 14. Nc4 f5 15. Qb3 Kh8 16. Qa3 Qf7 17.
Rad1 exd4 18. cxd4 g5 19. Nfd2 Ndf6 20. Nxe4 Nxe4 21.
Nd2 Nxd2 22. Rxd2 f4 23. Qd3 Be4 24. Qc4 Bd5 25. Qc1 f3 26. Rc2 c5 27. dxc5 fxg2 28.
Bxg2 Bxg2 29. Kxg2 dxc5 30. Rd1 Rf8 31. Bg3 h5 32. Rc4 h4 33. Bxh4 gxh4 34. Rxh4+ Kg8 35.
Rf4 Qb7+ 36. Kg1 Rxf4 37. exf4 Re8 38. Qc4+ Qf7 39. Qxa6 Qg6+ 40. Kh2 Qe4 0-1

[Event "Early-Titled-Tuesday-Blitz-October-24-2023"]
[Site "Chess.com"]
[Date "2023.10.24"]
[Round "2"]
[White "deepfear"]
[Black "dapsay"]
[Result "1/2-1/2"]
[WhiteElo "1784"]
[BlackElo "2400"]
[TimeControl "180+1"]
[EndTime "8:16:04 PDT"]
[Termination "Game drawn by repetition"]

1. e4 c5 2. Nc3 e6 3. g3 g6 4.
Bg2 Bg7 5. d3 Nc6 6. Be3 d6 7. Nf3 Nge7 8. Qd2 h6 9. O-O Nd4 10. Nd1 Nec6 11. c3 Nxf3+ 12. Bxf3 h5 13. h4 Qe7 14. Bg2 Bd7 15. d4 b6 16. dxc5 dxc5 17. Bg5 f6 18. Be3 Rd8 19. Qe2 Ne5 20.
f3 Kf7 21. Nf2 Bc6 22. Rad1 Qb7 23. Rxd8 Rxd8 24. Rd1 Rxd1+ 25. Qxd1 Nc4 26. Bc1 Ne5 27. Nd3 f5 28. Nxe5+ Bxe5 29. exf5 exf5 30. Qe1 Bxf3 31. Bxf3 Qxf3 32. Qxe5 Qd1+ 33. Kg2 Qc2+ 34. Kf3 Qxc1 35. Qc7+ Kf6 36. Qd6+ Kf7 37. Qd7+ Kf6 38. Qd6+ Kg7 39. Qe7+ Kh6 40. Qf8+ Kh7 41. Qf7+ Kh8 42. Qf8+ Kh7 43. Qf7+ Kh8 44. Qf6+ Kh7 45. Qf7+ 1/2-1/2

[Event "Early-Titled-Tuesday-Blitz-October-24-2023"]
[Site "Chess.com"]
[Date "2023.10.24"]
[Round "2"]
[White "Nyzhnyk_Illia"]
[Black "biostatistician"]
[Result "1-0"]
[WhiteElo "2841"]
[BlackElo "2562"]
[TimeControl "180+1"]
[EndTime "8:16:08 PDT"]
[Termination "Nyzhnyk_Illia won by checkmate"]

1. Nf3 Nf6 2. g3 b6 3. Bg2 Bb7 4. c4 g6 5. O-O Bg7 6. d4 O-O 7. Nc3 Ne4 8. Bd2 e6 9. Qc2 Nxd2 10. Qxd2 d6 11. e4 Nd7 12. d5 Qe7 13. Nd4 Bxd4 14. Qxd4 e5 15. Qe3 a6 16. b4 f5 17. exf5 gxf5 18.
f4 Rae8 19. Rae1 e4 20. Ne2 Nf6 21. Nd4 Bc8 22. Bh3 Nh5 23. Kh1 Ng7 24. Rc1 Bd7 25. c5 dxc5 26. bxc5 bxc5 27. Ne2 Bb5 28. Rfd1 Bd3 29.
Nc3 c4 30. Rd2 Qa3 31. Rg2 h5 32. Rgg1 Rb8 33. Bf1 Rb2 34. h3 Kf7 35. Qa7 Rc8 36. Bg2 Qd6 37. Qd4 Qf6 38. Qe5 Qxe5 39. fxe5 h4 40. g4 e3 41. Rce1 e2 42. Bf3 fxg4 43.
hxg4 Rf8 44. Bxe2 Kg6 45. Rg2 Bxe2 46. Rgxe2 Rxe2 47. Rxe2 Kg5 48. Ne4+ Kxg4 49. Rg2+ Kh3 50. Ng5# 1-0

[Event "Early-Titled-Tuesday-Blitz-October-24-2023"]
[Site "Chess.com"]
[Date "2023.10.24"]
[Round "2"]
[White "RETURNOFTHELAGGER"]
[Black "salomez"]
[Result "1-0"]
[WhiteElo "2666"]
[BlackElo "2363"]
[TimeControl "180+1"]
[EndTime "8:16:08 PDT"]
[Termination "RETURNOFTHELAGGER won on time"]

1. e4 c5 2. Nf3 Nc6 3. d4 cxd4 4. Nxd4 Nf6 5. Nc3 e5 6. Ndb5 d6 7. Bg5 a6 8. Na3 b5 9. Nd5 Be7 10. Bxf6 Bxf6 11. c3 Rb8 12. Nc2 Bg5 13. a4 bxa4 14.
Ncb4 Nxb4 15. Nxb4 Bd7 16. Bxa6 O-O 17. O-O Qb6 18.
Bc4 Kh8 19. Qh5 f6 20. Rfe1 g6 21. Qe2 f5 22. exf5 gxf5 23. Rad1 Rbc8 24. Qh5 Bf6 25. Ba2 Bg7 26. Rd2 Rf6 27. Red1 Rh6 28. Qf7 Bb5 29. Qxf5 Rf8 30. Qe4 Qd8 31. f3 Rh4 32. Qd5 e4 33. Qxb5 exf3 34. g3 Rxh2 35. Kxh2 Qf6 36. Rxd6 1-0

[Event "Early-Titled-Tuesday-Blitz-October-24-2023"]
[Site "Chess.com"]
[Date "2023.10.24"]
[Round "2"]
[White "brm72"]
[Black "twitchTriniCupid"]
[Result "1-0"]
[WhiteElo "2541"]
[BlackElo "2312"]
[TimeControl "180+1"]
[EndTime "8:16:10 PDT"]
[Termination "brm72 won on time"]

1. e4 c6 2. Nf3 d5 3. Nc3 Bg4 4. h3 Bxf3 5. Qxf3 Nf6 6. b3 e6 7.
Bb2 Bb4 8. exd5 cxd5 9. O-O-O Qe7 10. Bb5+ Nc6 11. Rhe1 Ba3 12. g4 a6 13. Bxc6+ bxc6 14. Qf4 O-O 15. d4 Rfc8 16. Na4 Nd7 17. Rd3 Rab8 18. g5 Bb4 19. Rg1 a5 20. h4 Nb6 21.
Nxb6 Rxb6 22. h5 a4 23. g6 fxg6 24. hxg6 h6 25. Re3 axb3 26. axb3 Ba3 27. Qf7+ Kh8 28. Rxe6 Bxb2+ 29. Kxb2 Qf8 30. Rh1 Qxf7 31. gxf7 Rf8 32.
Re8 Rb8 33. Rhe1 Rbxe8 34. Rxe8 1-0

[Event "Early-Titled-Tuesday-Blitz-October-24-2023"]
[Site "Chess.com"]
[Date "2023.10.24"]
[Round "2"]
[White "Yeremyan_ChessMate"]
[Black "MFatigue"]
[Result "1-0"]
[WhiteElo "2755"]
[BlackElo "2483"]
[TimeControl "180+1"]
[EndTime "8:16:12 PDT"]
[Termination "Yeremyan_ChessMate won by resignation"]

1. e4 e6 2. Nc3 d5 3. Qe2 Nf6 4. g3 Be7 5. Bg2 O-O 6. e5 Nfd7 7. f4 c5 8. Nf3 Nc6 9. O-O f6 10. exf6 Nxf6 11. Ng5 Nd4 12. Qd1 h6 13. Nf3 Nc6 14. d3 Bd6 15. Re1 a6 16. Bd2 Qc7 17. Ne2 e5 18.
fxe5 Nxe5 19. Nf4 Bg4 20. h3 Bxf3 21. Bxf3 Rae8 22. Bg2 d4 23. Kh1 g5 24. Nh5 Ned7 25. Nxf6+ Nxf6 26. Qf3 b5 27. Rxe8 Nxe8 28. Qd5+ Qf7 29.
Qc6 Kg7 30. Rf1 Qc7 31. Rxf8 Kxf8 32. Qxa6 Bxg3 33. Qxb5 Nd6 34. Qa6 Kg7 35. Qa8 Nf5 36.
Qd5 Qe5 37. Qxe5+ Bxe5 38. a4 Nd6 39. a5 Nc8 40. a6 Kf6 41. Ba5 Bb8 42. Bb7 Na7 43.
Bb6 Nb5 44. Bxc5 Ke5 45. Kg2 h5 46. Bc6 Na7 47. Bf3 h4 48. c3 Kf4 49. Bxd4 1-0

[Event "Early-Titled-Tuesday-Blitz-October-24-2023"]
[Site "Chess.com"]
[Date "2023.10.24"]
[Round "2"]
[White "only_strong_moves"]
[Black "Fraler15"]
[Result "0-1"]
[WhiteElo "2486"]
[BlackElo "2265"]
[TimeControl "180+1"]
[EndTime "8:16:12 PDT"]
[Termination "Fraler15 won by resignation"]

1. d4 Nf6 2. Nc3 d5 3. Bf4 Bf5 4. e3 e6 5. Nf3 a6 6. Ne5 c5 7. g4 Bg6 8. h4 h6 9. Nxg6 fxg6 10.
Bd3 Kf7 11. dxc5 Bxc5 12. Qf3 Nc6 13. Bh2 g5 14. O-O-O Bb4 15. Ne2 Qa5 16. c3 Qxa2 17. Bb1 Qc4 18. Nd4 Bxc3 19. bxc3 Qxc3+ 20. Nc2 Rac8 21. Bd6 Rhd8 22. Ba3 Na5 23. Rd4 Nb3+ 24. Kd1 Nxd4 25. Nxd4 Qxa3 26. Bc2 e5 27. hxg5 exd4 28. gxf6 Qa1+ 29.
Kd2 Qc3+ 30. Ke2 Qxc2+ 31. Kf1 Qd3+ 32. Kg2 Qe4 33. fxg7+ Qxf3+ 34. Kxf3 Kxg7 35. exd4 b5 36. Ke3 Rc3+ 37. Kd2 Rc4 38. Ra1 Ra8 39. Rb1 b4 40. Ke3 a5 41. Re1 a4 42. Ra1 a3 43. Rb1 a2 44. Rb3 a1=Q 45. Rxb4 Rxb4 0-1

[Event "Early-Titled-Tuesday-Blitz-October-24-2023"]
[Site "Chess.com"]
[Date "2023.10.24"]
[Round "2"]
[White "GlacierGambit"]
[Black "marik_spb"]
[Result "0-1"]
[WhiteElo "2115"]
[BlackElo "2439"]
[TimeControl "180+1"]
[EndTime "8:16:12 PDT"]
[Termination "marik_spb won on time"]

1. e4 e6 2. d4 d5 3. Nc3 Bb4 4. exd5 exd5 5. Bd3 Nf6 6. Ne2 Bg4 7. O-O O-O 8. f3 Bh5 9. Ng3 Bg6 10. Nce2 Bd6 11. c3 Nbd7 12. Bf4 Bxf4 13. Nxf4 Re8 14. Qb3 Nb6 15.
Rae1 Qd6 16. Bxg6 hxg6 17. Nd3 a5 18. a4 Qc6 19. Nc5 Nc4 20. Qxb7 Qxb7 21. Nxb7 Rab8 22. Nc5 Rxb2 23. Rxe8+ Nxe8 24. Rf2 Rb1+ 25. Nf1 Ne3 26. g3 Nd6 27. f4 Ndc4 28. Nd3 Nd2 0-1

[Event "Early-Titled-Tuesday-Blitz-October-24-2023"]
[Site "Chess.com"]
[Date "2023.10.24"]
[Round "2"]
[White "Kostukov_Alex"]
[Black "Maluco_do_Natal_00"]
[Result "1-0"]
[WhiteElo "2419"]
[BlackElo "1997"]
[TimeControl "180+1"]
[EndTime "8:16:15 PDT"]
[Termination "Kostukov_Alex won by resignation"]

1. g3 d5 2. Bg2 Nf6 3. d3 c5 4. e4 dxe4 5. dxe4 Qxd1+ 6. Kxd1 e5 7. f3 Nc6 8. Be3 Be6 9. Nd2 O-O-O 10. Bh3 Bxh3 11.
Nxh3 h6 12. c3 g5 13. Nf2 Na5 14. Ke2 Be7 15. Nd3 Nd7 16. b4 cxb4 17. cxb4 Nc6 18. Rhc1 Kb8 19. a3 Nb6 20. Nc4 Nxc4 21. Rxc4 f6 22.
Rac1 Rd7 23. Nf2 h5 24. Rd1 Rhd8 25. Rxd7 Rxd7 26. g4 hxg4 27. Nxg4 a6 28. Rc1 Nd4+ 29. Bxd4 Rxd4 30. Ne3 a5 31. Nd5 Bd8 32. b5 Ra4 33.
Rc3 Rd4 34. Rd3 Rxd3 35. Kxd3 Kc8 36. Ne3 Kd7 37. Kc4 Be7 38. a4 Kd6 39. Nf5+ Ke6 40. Nxe7 Kxe7 41. Kc5 Ke6 42. Kb6 f5 43. Kxb7 fxe4 44.
fxe4 Kd6 45. Ka6 Kc7 46. Kxa5 1-0

[Event "Early-Titled-Tuesday-Blitz-October-24-2023"]
[Site "Chess.com"]
[Date "2023.10.24"]
[Round "2"]
[White "Lion_DL"]
[Black "MikeSailer"]
[Result "1-0"]
[WhiteElo "2428"]
[BlackElo "2041"]
[TimeControl "180+1"]
[EndTime "8:16:16 PDT"]
[Termination "Lion_DL won by resignation"]

1. d4 d5 2. c4 Bf5 3. Nc3 e6 4. cxd5 exd5 5. Qb3 Nc6 6. Be3 Bb4 7. Nf3 Nf6 8. g3 O-O 9. Bg2 Re8 10. h3 Ne4 11. O-O Nxg3 12. fxg3 Rxe3 13. Qxd5 Bxc3 14. Qxf5 Bxb2 15. Rad1 Rxe2 16. Ne5 Nxe5 17. dxe5 Bd4+ 18. Kh1 c5 19. Qxf7+ Kh8 20. e6 Qe8 21. Bxb7 Rb8 22. Bc6 Qxe6 23. Qf8+ Rxf8 24. Rxf8+ Qg8 25. Rxg8+ Kxg8 26.
Rb1 Rxa2 27. Bd5+ Kf8 28. Bxa2 1-0

[Event "Early-Titled-Tuesday-Blitz-October-24-2023"]
[Site "Chess.com"]
[Date "2023.10.24"]
[Round "2"]
[White "RNG2200"]
[Black "Makswolf200817"]
[Result "0-1"]
[WhiteElo "2165"]
[BlackElo "2654"]
[TimeControl "180+1"]
[EndTime "8:16:18 PDT"]
[Termination "Makswolf200817 won on time"]

1. d4 d5 2. Bg5 h6 3. Bh4 Nf6 4.
Bxf6 exf6 5. e3 c6 6. c3 f5 7. g3 h5 8. h4 Bd6 9. Bg2 Nd7 10. Ne2 Nf6 11. Nd2 g6 12. c4 O-O 13. cxd5 cxd5 14. Nc3 Be6 15. Qb3 Qa5 16. O-O Ne4 17. Ndxe4 fxe4 18.
Qb5 Bb4 19. Qxa5 Bxa5 20. Rfc1 Rfc8 21. Nb5 Rc6 22. a3 a6 23. Rxc6 bxc6 24. Nd6 Rb8 25. Rc1 Rxb2 26. Rxc6 Be1 27. Rxa6 Bxf2+ 28. Kh2 Bxe3 29.
Ne8 Bxd4 30. Nc7 e3 31. Nxe6 fxe6 32. Rxe6 e2 33. Kh3 Bc3 0-1